 Dungeon Crawl Stone Soup version 0.20-a0-1006-ge6c5631 (webtiles) character file.

36003 M4edhros the Martial Artist (level 13, -19/132 HPs)
             Began as an Octopode Necromancer on Apr 12, 2017.
             Was the Champion of Cheibriados.
             Killed from afar by Azrael (23 damage)
             ... with a bolt of fire
             ... on level 12 of the Dungeon.
             The game lasted 00:48:13 (8508 turns).

M4edhros the Martial Artist (Octopode Necromancer)  Turns: 8508, Time: 00:48:14

Health: -19/132    AC: 30    Str: 24    XL:     13   Next: 87%
Magic:  2/19       EV:  2    Int: 42    God:    Cheibriados [******]
Gold:   850        SH: 19    Dex: 27    Spells: 6/19 levels left

rFire    . . .     SeeInvis .     - Unarmed
rCold    . . .     Gourm    .   q - +5 shield
rNeg     + + +     Faith    .   (helmet currently unavailable)
rPois    +         Spirit   .   (no amulet)
rElec    .         Reflect  .   D - ring of the Prince of Darkness {rCorr rPois Int+7 Dex-3 Stlth+}
rCorr    +         Harm     .   Y - +4 ring of protection
MR       .....     Rnd*Rage +   (no ring) Stlth ++........NoTele +
                                (no ring)
Regen    0.4/turn               (no ring)
MPRegen  0.2/turn               (no ring)
                                (no ring)
                                (no ring)

@: liquid flames, tree-form, very slightly contaminated, glowing, studying
Staves, very slow
A: almost no armour, stealthy swim, (amphibious), 8 rings, (constrict 8),
berserk 1, clever 1
a: Bend Time, Temporal Distortion, Slouch, Step From Time, Renounce Religion


You were on level 12 of the Dungeon.
You worshipped Cheibriados.
Cheibriados was exalted by your worship.
You were hungry.
You were a tree.
You visited 3 branches of the dungeon, and saw 19 of its levels.
You also visited: Labyrinth.

You collected 958 gold pieces.
You spent 108 gold pieces at shops.

Inventory:

Missiles
 z - 7 poisoned javelins (quivered)
Armour
 q - a +5 shield (worn)
 G - a +2 hat of intelligence (melded)
Jewellery
 D - the ring of the Prince of Darkness (left branch) {rCorr rPois Int+7 Dex-3 Stlth+}
   (You took it off a minotaur in a labyrinth)

   [ring of resist corrosion]

   It affects your intelligence (+7).
   It affects your dexterity (-3).
   It protects you from poison.
   It makes you more stealthy.
 M - an uncursed ring of ice
 Y - a +4 ring of protection (right branch)
Wands
 g - a wand of flame (10/48)
 i - a wand of iceblast (12/15)
 j - a wand of clouds (5/9)
 t - a wand of polymorph (12/24)
 w - a wand of iceblast (6/15)
 B - a wand of confusion (15/48)
 J - a wand of iceblast (3/15)
 O - a wand of iceblast (9/15)
 P - a wand of acid (2/15)
 S - a wand of polymorph (4/24)
 X - a wand of flame (23/48)
Scrolls
 c - 12 scrolls of remove curse
 d - a scroll of brand weapon {unknown}
 e - 8 scrolls of amnesia
 f - a scroll of acquirement {unknown}
 k - 5 scrolls of teleportation
 l - 5 scrolls of magic mapping
 n - a scroll of fear
 p - a scroll of fog
 r - 2 scrolls of recharging
 E - 2 scrolls of immolation
 F - 2 scrolls of torment
 K - a scroll of summoning
 L - 2 scrolls of noise
 T - a scroll of silence
 Z - 2 scrolls of enchant armour
Potions
 h - 3 potions of curing
 v - a potion of cancellation
 C - 5 potions of mutation
 I - a potion of lignification
 N - a potion of resistance
 W - 2 potions of agility
Books
 a - a book of Necromancy

   Spells                             Type                      Level
   a - Pain                           Necromancy                   1
   b - Animate Skeleton               Necromancy                   1
   c - Vampiric Draining              Necromancy                   3
   d - Regeneration                   Charms/Necromancy            3
   e - Animate Dead                   Necromancy                   4
   f - Control Undead                 Necromancy                   4
 y - a Fen Folio

   Spells                             Type                      Level
   a - Corpse Rot                     Necromancy                   2
   b - Stone Arrow                    Conjuration/Earth            3
   c - Leda's Liquefaction            Hexes/Earth                  4
   d - Summon Forest                  Summoning/Translocation      5
   e - Hydra Form                     Transmutation                6
   f - Summon Hydra                   Summoning                    7
 A - a book of Callings

   Spells                             Type                      Level
   a - Summon Small Mammal            Summoning                    1
   b - Call Imp                       Summoning                    2
   c - Call Canine Familiar           Summoning                    3
   d - Summon Guardian Golem          Hexes/Summoning              3
   e - Summon Lightning Spire         Summoning/Air                4
   f - Summon Ice Beast               Ice/Summoning                4
 H - Dituenij's Papyrus of the Dusty Blaze
   (You found it on level 5 of the Lair of Beasts)

   Spells                             Type                      Level
   a - Flame Tongue                   Conjuration/Fire             1
   b - Passwall                       Transmutation/Earth          2
   c - Ignition                       Fire                         8
   d - Shatter                        Earth                        9
 U - a manual of Staves
Miscellaneous
 R - a sack of spiders
 V - a box of beasts
Comestibles
 b - 7 bread rations
 m - 9 fruits
 o - 4 meat rations
 x - 3 royal jellies


   Skills:
 + Level 8.0 Fighting
 + Level 8.5 Dodging
 - Level 2.6 Stealth
 * Level 11.2 Shields
 - Level 11.2 Unarmed Combat
 + Level 3.7 Spellcasting
 + Level 6.3 Summonings
 - Level 4.0 Necromancy
 - Level 4.1 Air Magic
 - Level 7.0 Invocations
 + Level 8.4 Evocations


You had 6 spell levels left.
You knew the following spells:

 Your Spells              Type           Power        Failure   Level  Hunger
a - Pain                  Necr           ####         1%          1    None
b - Animate Skeleton      Necr           N/A          1%          1    None
c - Regeneration          Chrm/Necr      ###.......   10%         3    None
d - Animate Dead          Necr           N/A          12%         4    ###....
e - Summon Lightning Spi  Summ/Air       ######..     8%          4    ###....


Dungeon Overview and Level Annotations

Branches:
Dungeon (12/15)            Temple (1/1) D:5            Lair (6/6) D:10
 Shoals (0/4) Lair:4        Snake (0/4) Lair:4        Slime (0/5) Lair:5
    Orc: D:9-12

Altars:
Ashenzari
Cheibriados
Dithmenos
Elyvilon
Fedhas
Gozag
Hepliaklqana
Kikubaaqudgha
Makhleb
Nemelex Xobeh
Okawaru
Qazlal
Ru
Sif Muna
Trog
Uskayaw
Vehumet
Wu Jian
Xom
Zin
The Shining One
Jiyva

Shops:
D:7 !   D:9 [

Annotations:
D:8 Zigma's ghost, novice DrMo
D:12 Azrael
Lair:5 1 runed door


Innate Abilities, Weirdness & Mutations

You cannot wear most types of armour.
You are very stealthy in the water. (Stealth+)
((You are amphibious.))
You can wear up to eight rings at the same time.
((You can use your tentacles to constrict eight enemies at once.))
((Your skin changes colour to match your surroundings (Stealth+).))
((Your rubbery body absorbs attacks. (AC +1, EV +1)))
((You are partially covered in large bone plates. (SH +4)))
You tend to lose your temper in combat.
Your mind is acute. (Int +2)


Message History

You block the hell hound's attack. You block the bullfrog zombie's attack.
The hell hound bites you.
* * * LOW HITPOINT WARNING * * *
Azrael hits you with a scimitar of flaming!
* * * LOW HITPOINT WARNING * * *
Azrael burns you.
* * * LOW HITPOINT WARNING * * *
An orc priest comes into view.
You turn into a tree.
Your +2 hat of intelligence melds into your body.
You feel stupid.
Your roots penetrate the ground.
You are covered in liquid flames!
* * * LOW HITPOINT WARNING * * *
The hell hound breathes flames at you.
Helpless, you fail to dodge the blast of flame.
The bullfrog zombie hits you but does no damage.
Azrael gestures at you.
Helpless, you fail to dodge the bolt of fire.
You die...

... .# #.# .. ...
.# #.o ..# #
#.###o.#
#.###.#....#
#...Z......#
#..R♣..# .#
......h#.###.#
.####.##...#.#
... ###..## .##
##..##### ..
##.....## # .
#...#..#.# #
#...#.##.#.#.##
....###.##.......


You could see Azrael, a hell hound, an orc priest, an orc and a bullfrog zombie.

Vanquished Creatures
  Gastronok (D:9)
  A minotaur (Lab)
  Fannar (D:10)
  2 hydras
  A two-headed ogre (D:11)
  2 unseen horrors (D:11)
  3 oklob plants (Lair:5)
  A deep elf mage (D:11)
  An ugly thing (D:11)
  A wolf spider (Lair:6)
  A cyclops (D:11)
  5 elephants (Lair:4)
  12 black mambas
  2 gargoyles (Lab)
  A guardian serpent (Lair:6)
  7 komodo dragons
  9 spiny frogs
  A polar bear (Lair:5)
  3 trolls
  2 hornets (Lair:6)
  3 blink frogs
  3 hippogriffs
  4 slime creatures
  6 redbacks
  15 yaks
  A fire elemental (D:12)
  2 hungry ghosts
  8 wyverns
  2 basilisks
  A steam dragon (D:9)
  4 hell hounds (D:12)
  4 porcupines
  18 water moccasins
  A hornet zombie (D:8)
  3 phantoms
  2 orc warriors (D:10)
  A necrophage (D:8)
  2 ice beasts
  2 sky beasts
  3 ogres (D:8)
  2 centaurs
  7 crocodiles
  2 big kobolds
  Blork the orc (D:6)
  A wyvern zombie (D:9)
  A gnoll sergeant (D:11)
  7 bullfrogs
  2 scorpions
  3 wyvern skeletons
  8 wights
  A howler monkey (D:10)
  8 crimson imps
  2 hounds
  A quasit (D:11)
  2 centaur skeletons
  2 orc priests
  2 bullfrog skeletons
  Ijyb (D:4)
  6 worker ants
  6 orc wizards
  A hound zombie (D:7)
  2 gnolls (D:11)
  12 adders
  A shadow imp (D:11)
  3 oozes
  An adder skeleton (D:9)
  2 worms
  2 leopard geckos
  21 orcs
  4 bats
  2 giant cockroaches
  12 goblins
  6 hobgoblins
  7 jackals
  10 kobolds
  3 quokkas
  A ball python (D:1)
  8 frilled lizards
  A goblin skeleton (D:7)
  2 goblin zombies (D:7)
  2 hobgoblin zombies (D:7)
  A jackal skeleton (D:4)
  3 kobold skeletons (D:7)
  A leopard gecko skeleton (D:5)
  An orc skeleton (D:7)
  An orc zombie (D:7)
  2 quokka skeletons
  5 rats
  6 plants
330 creatures vanquished.

Vanquished Creatures (collateral kills)
  A two-headed ogre (D:11)
  2 black mambas
  An elephant (Lair:4)
  2 spiny frogs
  A centaur skeleton (D:11)
  A komodo dragon (Lair:6)
  2 slime creatures (D:11)
  2 hippogriffs
  2 wyverns (Lair:6)
  3 water moccasins
  An ice beast (D:8)
  An orc warrior (D:11)
  A crocodile (Lair:6)
  A bullfrog (Lair:1)
  A gnoll (D:11)
  An adder (D:10)
  2 orcs
  A ball python (D:2)
  A bat (D:3)
  A quokka (D:11)
  A frilled lizard (D:2)
  2 rats (D:3)
  2 fungi (Lair:6)
  7 plants
40 creatures vanquished.

Vanquished Creatures (others)
  A fire elemental (D:12)
  A bush (Lair:4)
  6 fungi
  19 plants
27 creatures vanquished.

Grand Total: 397 creatures vanquished

Notes
Turn   | Place    | Note
-------+----------+-------------------------------------------
     0 | D:1      | M4edhros the Octopode Necromancer began the quest for the Orb.
     0 | D:1      | Reached XP level 1. HP: 11/11 MP: 3/3
    46 | D:1      | Reached skill level 1 in Unarmed Combat
    60 | D:1      | Learned a level 1 spell: Animate Skeleton
    80 | D:1      | Reached XP level 2. HP: 5/17 MP: 0/5
   330 | D:2      | Reached XP level 3. HP: 4/21 MP: 1/6
   335 | D:2      | Learned a level 3 spell: Regeneration
   556 | D:3      | Found an opulent altar of Gozag.
   587 | D:3      | Reached XP level 4. HP: 18/27 MP: 2/7
   654 | D:3      | Found a shadowy altar of Dithmenos.
   792 | D:3      | Reached XP level 5. HP: 25/31 MP: 3/8
   820 | D:4      | Found a white marble altar of Elyvilon.
   853 | D:4      | Noticed a phantom
   855 | D:5      | Entered Level 5 of the Dungeon
   956 | D:6      | Noticed Blork the orc
   967 | D:6      | Killed Blork the orc
   967 | D:6      | Reached skill level 5 in Unarmed Combat
  1034 | D:6      | Reached XP level 6. HP: 21/36 MP: 9/9
  1136 | D:6      | Gained mutation: One of your tentacles bears a spike. [potion of mutation]
  1136 | D:6      | Lost mutation: One of your tentacles bears a spike. [potion of mutation]
  1136 | D:6      | Gained mutation: You are somewhat resistant to further mutation. [potion of mutation]
  1137 | D:6      | Lost mutation: You are somewhat resistant to further mutation. [potion of mutation]
  1137 | D:6      | Gained mutation: Your mind is acute. (Int +2) [potion of mutation]
  1137 | D:6      | Gained mutation: You are partially covered in large bone plates. (SH +4) [potion of mutation]
  1211 | D:7      | Found a hide-covered altar of Uskayaw.
  1262 | D:7      | Noticed a cyclops
  1349 | D:7      | Reached skill level 1 in Fighting
  1489 | D:7      | Found a burning altar of Makhleb.
  1489 | D:7      | Found a stormy altar of Qazlal.
  1489 | D:7      | Found a sacrificial altar of Ru.
  1558 | D:6      | Reached XP level 7. HP: 35/43 MP: 8/10
  1718 | D:5      | Found a sparkling altar of Nemelex Xobeh.
  1724 | D:5      | Found a white marble altar of Elyvilon.
  1761 | D:5      | Found a staircase to the Ecumenical Temple.
  1774 | Temple   | Entered the Ecumenical Temple
  1794 | Temple   | Became a worshipper of Cheibriados the Contemplative
  2128 | D:4      | Found an ancient bone altar of Kikubaaqudgha.
  2366 | D:1      | Reached * piety under Cheibriados
  2658 | D:4      | Noticed Ijyb
  2669 | D:4      | Killed Ijyb
  2964 | D:7      | Reached skill level 1 in Shields
  3034 | D:7      | Reached XP level 8. HP: 41/51 MP: 8/11
  3055 | D:7      | Found Imymeot's Distillery.
  3068 | D:7      | Bought a potion of heal wounds for 60 gold pieces
  3068 | D:7      | Bought a potion of curing for 36 gold pieces
  3068 | D:7      | Bought a potion of degeneration for 12 gold pieces
  3212 | D:7      | Found a glowing golden altar of the Shining One.
  3231 | D:7      | Reached ** piety under Cheibriados
  3316 | D:8      | Noticed Zigma's ghost (novice DrMo)
  3404 | D:8      | Noticed a wyvern
  3415 | D:8      | Killed a wyvern
  3415 | D:8      | Reached skill level 1 in Evocations
  3759 | D:8      | Noticed a hippogriff
  3773 | D:8      | Killed a hippogriff
  3773 | D:8      | Reached XP level 9. HP: 38/57 MP: 7/12
  3877 | D:8      | Reached *** piety under Cheibriados
  3954 | D:9      | Noticed Gastronok
  4080 | D:9      | Found Ihypt's Armour Emporium.
  4124 | D:9      | Reached skill level 5 in Dodging
  4124 | D:9      | Reached skill level 5 in Shields
  4230 | D:9      | Killed Gastronok
  4230 | D:9      | Reached skill level 5 in Fighting
  4230 | D:9      | Reached XP level 10. HP: 65/66 MP: 10/13
  4262 | D:9      | Learned a level 4 spell: Animate Dead
  4267 | D:9      | Learned a level 4 spell: Summon Lightning Spire
  4330 | D:10     | Entered Level 10 of the Dungeon
  4357 | D:10     | Noticed Fannar
  4363 | D:9      | Reached **** piety under Cheibriados
  4513 | D:9      | Reached skill level 1 in Air Magic
  4675 | D:9      | Found an ornate altar of the Wu Jian Council.
  4738 | D:10     | Reached skill level 10 in Unarmed Combat
  4742 | D:10     | Reached skill level 1 in Summonings
  4750 | D:10     | Reached skill level 5 in Evocations
  4807 | D:10     | Killed Fannar
  4916 | D:10     | Found a radiant altar of Vehumet.
  4917 | D:10     | Reached XP level 11. HP: 72/72 MP: 14/14
  4979 | D:10     | Found a staircase to the Lair.
  5009 | Lair:1   | Entered Level 1 of the Lair of Beasts
  5030 | Lair:1   | Found a labyrinth entrance.
  5039 | Lab      | Entered a labyrinth
  5098 | Lab      | Reached skill level 1 in Invocations
  5346 | Lab      | Noticed a minotaur
  5390 | Lab      | Killed a minotaur
  5392 | Lab      | Got a shimmering iron ring
  5393 | Lab      | Identified the ring of the Prince of Darkness {rCorr rPois Int+7 Dex-3 Stlth+} (You took it off a minotaur in a labyrinth)
  5466 | Lair:1   | Reached ***** piety under Cheibriados
  5520 | Lair:1   | Noticed a four-headed hydra
  5523 | Lair:1   | Killed a four-headed hydra
  6057 | Lair:3   | Noticed a seven-headed hydra
  6061 | Lair:3   | Killed a seven-headed hydra
  6108 | Lair:3   | Reached XP level 12. HP: 80/80 MP: 13/16
  6424 | Lair:4   | Found a staircase to the Shoals.
  6646 | Lair:4   | Reached skill level 5 in Invocations
  6705 | Lair:4   | Found a staircase to the Snake Pit.
  6919 | Lair:5   | Found a runed door.
  6920 | Lair:5   | Found a viscous altar of Jiyva.
  6925 | Lair:5   | Noticed an acid blob
  6927 | Lair:5   | Found a staircase to the Slime Pits.
  6988 | Lair:6   | Entered Level 6 of the Lair of Beasts
  7278 | Lair:6   | Reached skill level 5 in Summonings
  7326 | Lair:6   | Reached ****** piety under Cheibriados
  7365 | Lair:6   | Reached XP level 13. HP: 80/86 MP: 18/18
  7431 | Lair:6   | Reached skill level 10 in Shields
  7471 | Lair:6   | Gained mutation: You tend to lose your temper in combat. [mutagenic meat]
  7769 | Lair:5   | Identified Dituenij's Papyrus of the Dusty Blaze
  8494 | D:12     | Noticed Azrael
  8508 | D:12     | HP: 3/132 [burnt (6)]
  8508 | D:12     | Killed from afar by Azrael

Vault maps used:
D:1:      minmay_arrival_solitary_statue
D:2:      minmay_splitting_lines, minmay_tromino_v2, uniq_crazy_yiuf_cottage
D:3:      overflow_temple_1_default, first_bread,
          nicolae_dithmenos_shadow_blocks
D:4:      overflow_temple_1_default, elyvilon_altar_1, uniq_sigmund, uniq_iyjb
D:5:      grunt_temple_overflow_open, minmay_temple_entry_junction_2
D:6:      uniq_blork_the_orc, uniq_pikel
D:7:      nicolae_tso_besieged_by_evil, eat_drink_and_be_merry_uskayaw,
          gammafunk_temple_overflow_forgotten, serial_shops, shop
D:9:      lemuel_coloured_pillars_altar, serial_shops, shop, uniq_gastronok
D:10:     dpeg_oklobed_lair, david_orc_4, basic_altar, uniq_fannar
D:12:     minmay_tri_stars, hangedman_ranch, uniq_kirke, uniq_azrael,
          uniq_rupert
Temple:   minmay_temple_bridge_abc
Lair:1:   lab_entry_generic, minivault_25, grunt_megastairs_3
Lair:2:   st_stairs_10
Lair:3:   grunt_megastairs_2
Lair:4:   shoals_dummy_entry, guppyfry_snake_entry_garden, serial_forest,
          infiniplex_forest_side_room, infiniplex_forest_clump_curved,
          infiniplex_forest_clump_diagonal, infiniplex_forest_zigzag_1,
          infiniplex_forest_straight_2, infiniplex_forest_end_3,
          infiniplex_forest_clump_double, infiniplex_forest_lined_3,
          infiniplex_staircase_pool_2
Lair:5:   slime_altar_2, minmay_lair_oklob_chamber
Lair:6:   hangedman_lair_tendril_chambers, grunt_megastairs_1
Lab:      labyrinth_spiral, lab_hedge, nicolae_lab_x, nicolae_lab_dead_end,
          nicolae_lab_arrow, nicolae_lab_plus, nicolae_lab_starburst,
          nicolae_lab_diamond

Skill      XL: |  1  2  3  4  5  6  7  8  9 10 11 12 13 |
---------------+----------------------------------------+-----
Unarmed Combat | 1 2 3 4 5 6 7 8 9 10 11 | 11.2
Fighting       | 1 2 3 5 6 7 8 |  8.0
Dodging        | 3 4 5 6 7 8 |  8.5
Shields        | 1 3 6 7 8 9 11 | 11.2
Evocations     | 2 4 5 6 7 8 |  8.4
Air Magic      | 2 3 4 |  4.1
Summonings     | 1 3 5 6 |  6.3
Invocations    | 4 7 |  7.0
Spellcasting   | 3 |  3.7
Stealth        | |  2.6
Necromancy     | |  4.0

Action                   |  1- 3 |  4- 6 |  7- 9 | 10-12 | 13-15 || total
-------------------------+-------+-------+-------+-------+-------++-------
Melee: Unarmed           |    32 |    91 |   299 |   431 |   157 ||  1010
       Constrict         |    10 |    16 |    48 |    71 |    27 ||   172
       Tentacles         |     6 |    13 |    63 |   183 |    64 ||   329
       Punch             |     1 |     3 |    17 |    74 |    33 ||   128
 Cast: Pain              |    38 |     7 |     2 |       |     2 ||    49
       Animate Skeleton  |     6 |     4 |    13 |    23 |    14 ||    60
       Regeneration      |     2 |    11 |    24 |    34 |    15 ||    86
       Animate Dead      |       |       |       |     4 |     6 ||    10
       Summon Lightning  |       |       |       |     1 |       ||     1
Invok: Slouch            |       |       |       |     1 |     4 ||     5
Evoke: Wand              |       |     3 |    14 |    20 |    35 ||    72
  Use: Scroll            |       |    10 |     5 |    12 |     6 ||    33
       Potion            |       |     6 |     4 |     3 |     3 ||    16
 Stab: Sleeping          |       |     6 |    12 |    11 |     5 ||    34
       Distracted        |       |     1 |     1 |     5 |     2 ||     9
       Confused          |       |     1 |     2 |     9 |       ||    12
  Eat: Chunk             |       |     3 |    12 |     6 |     6 ||    27
       Royal jelly       |       |       |       |     2 |       ||     2
Armor: Skin              |     6 |    17 |    12 |    20 |    11 ||    66
Dodge: Dodged            |    18 |    40 |   123 |   133 |    68 ||   382
Block: Other             |       |     6 |    11 |       |       ||    17
       Buckler           |       |       |    83 |    58 |       ||   141
       Shield            |       |       |    12 |   241 |   167 ||   420
